 Dungeon Crawl Stone Soup version 0.29.0-4-gdea44cf6ec (webtiles) character file.

Game seed: 17507681692047720168

74 qw the Chopper (level 4, 0/26 HPs)
             Began as a Tengu Warper on Aug 28, 2022.
             Killed from afar by an orc wizard (5 damage)
             ... with a magic dart
             ... on level 3 of the Dungeon.
             The game lasted 00:00:14 (2265 turns).

qw the Chopper (Tengu Warper)                       Turns: 2265, Time: 00:00:15

Health: 0/26       AC:  5    Str: 13    XL:     4   Next: 28%
Magic:  8/8        EV: 11    Int: 14    God:
Gold:   149        SH:  0    Dex: 13    Spells: 7/7 levels left

rFire   . . .      SeeInvis .   Y - +0 hand axe
rCold   + . .      Faith    .   (no shield)
rNeg    . . .      Spirit   .   m - +0 ring mail
rPois   .          Reflect  .   (helmet restricted)
rElec   .          Harm     .   (no cloak)
rCorr   .          Rampage  .   (no gloves)
Will    .....                   (boots unavailable)
Stlth   ..........              j - amulet of regeneration
HPRegen 0.88/turn               l - ring of protection from cold
MPRegen 0.11/turn               (no ring)

@: confused
A: beak, talons 3
a: no special abilities


You were on level 3 of the Dungeon.
You visited 1 branch of the dungeon, and saw 3 of its levels.

You collected 149 gold pieces.


Innate Abilities, Weirdness & Mutations

You have a beak for a mouth.
You have claws for feet.


   Skills:
 - Level 2.0 Fighting
 + Level 4.9 Axes
 - Level 1.0 Throwing
 - Level 1.1 Armour
 - Level 2.1 Dodging
 - Level 2.0 Spellcasting
 - Level 2.4 Translocations


You had 7 spell levels left.
You didn't know any spells.
Your spell library contained the following spells:

 Spells                   Type           Power      Damage    Failure   Level
 Blink                    Tloc           16%        N/A       28%         2
 Gell's Gravitas          Tloc           8%         N/A       50%         3
 Lesser Beckoning         Tloc           8%         N/A       50%         3
 Teleport Other           Tloc           8%         N/A       50%         3
 Manifold Assault         Tloc           8%         N/A       99%         5

Inventory:

Hand Weapons
 i - a +0 mace
 Y - a +0 hand axe (weapon)
Armour
 m - a +0 ring mail (worn)
Jewellery
 j - an amulet of regeneration (around neck)
 l - a ring of protection from cold (left hand)
Scrolls
 a - a scroll of immolation {unknown}
 b - a scroll of identify
Potions
 c - a potion of lignification {unknown}
 e - a potion of flight {unknown}
 f - a potion of heal wounds {unknown}
 h - a potion of ambrosia {unknown}
 k - 2 potions of mutation {unknown}
 n - a potion of degeneration {unknown}
 o - a potion of might {unknown}

Dungeon Overview and Level Annotations

Branches:
Dungeon (3/15)

Altars:


Message History

The orc attacks as you move away! The orc closely misses you.
You hit the orc but do no damage. You claw the orc.
The orc is moderately wounded.
You completely miss something. The orc hits you with a +0 mace.
You hear some strange, mumbled words.
You are more confused.
You closely miss the orc.
The orc is moderately wounded.
You miss something. You hit the orc. The orc hits you with a +0 mace.
Something hits you. The orc closely misses you.
You're too confused to move!
The orc hits you but does no damage. Something hits you but does no damage.
The orc hits you with a +0 hand axe.
You bump into the rock wall.
The orc closely misses you. The orc barely misses you.
Something hits you but does no damage.
You barely miss something. Your peck misses something.
You closely miss the orc. You miss the orc.
The orc hits you but does no damage. The orc hits you with a +0 hand axe.
You hear some strange, mumbled words.
A puff of flame appears from out of thin air!
The puff of flame hits you!
You completely miss something. Your kick misses something.
You completely miss the orc. You hit the orc but do no damage.
The orc hits you with a +0 mace.
You hear some strange, mumbled words.
You are more confused.
The orc closely misses you.
You hit the orc but do no damage. You peck the orc.
You kill the orc!
You closely miss the orc. You closely miss something.
The orc barely misses you. Something hits you but does no damage.
You hit the orc.
You kill the orc!
You completely miss something.
You hear some strange, mumbled words.
A magic dart appears from out of thin air!
The magic dart hits you.
You die...

#.# ##...## #.####
##.....## #.##.##
##.......## #
#.#...####.........####....
#.......)'.........)..o...#
###...#.##.........####...#
##.##.###.......## # ####.#
##..)){## #.# ##..@######
#.# #.........# #.#
#.#.#####.# #.# #.#.# #.#
#.# #.#.#####.###.# #.#
#.............# #.#
#.....###.#####
#.####%....# #.#
#.<........###.#


There were no monsters in sight!

Vanquished Creatures
  An adder (D:2)
  2 dart slugs
  3 orcs (D:3)
  2 ball pythons
  6 endoplasms
  3 giant cockroaches
  7 goblins
  5 hobgoblins
  2 jackals (D:1)
  3 quokkas (D:1)
  4 bats
  6 frilled lizards
  5 kobolds
  6 rats
55 creatures vanquished.

Notes
Turn   | Place    | Note
-------+----------+-------------------------------------------
     0 | D:1      | qw the Tengu Warper began the quest for the Orb.
     0 | D:1      | Reached XP level 1. HP: 12/12 MP: 4/4
     0 | D:1      | 0 ||| qw: Version: 0.1-a-89-g26bdef1
     0 | D:1      | 0 ||| qw: Game counter: 3192
     0 | D:1      | 0 ||| qw: Always use a shield: true
     0 | D:1      | 0 ||| qw: God list: Okawaru
     0 | D:1      | 0 ||| qw: Allow faded altars: false
     0 | D:1      | 0 ||| qw: Do Orc after D:15 true
     0 | D:1      | 0 ||| qw: Do second Lair branch before Depths: true
     0 | D:1      | 0 ||| qw: Lair rune preference: random
     0 | D:1      | 0 ||| qw: Plans: Normal
     0 | D:1      | 0 ||| PLANNING D:1-11
    65 | D:1      | Found a faded altar of an unknown god.
   261 | D:1      | Reached skill level 3 in Axes
   261 | D:1      | Reached XP level 2. HP: 13/17 MP: 6/6
   379 | D:1      | 379 ||| Stepping ~*~*~tactically~*~*~ (stealth).
   381 | D:1      | 381 ||| Stepping ~*~*~tactically~*~*~ (stealth).
   429 | D:1      | 429 ||| Stepping ~*~*~tactically~*~*~ (stealth).
   488 | D:1      | 488 ||| DROPPING +0 club.
   803 | D:1      | Reached XP level 3. HP: 15/21 MP: 7/7
  1022 | D:1      | 1022 ||| Stepping ~*~*~tactically~*~*~ (stealth).
  1031 | D:1      | Reached skill level 4 in Axes
  1047 | D:1      | 1047 ||| Stepping ~*~*~tactically~*~*~ (stealth).
  1348 | D:1      | 1348 ||| UPGRADING to +0 ring mail.
  1358 | D:1      | 1358 ||| DROPPING +0 leather armour.
  1359 | D:1      | 1359 ||| UPGRADING to amulet of regeneration.
  1364 | D:1      | 1364 ||| UPGRADING to ring of protection from cold.
  1365 | D:1      | 1365 ||| READING 2 scrolls labelled UZXOGY GOIWUT.
  1366 | D:1      | 1366 ||| READING scroll labelled REC DOCRYCK.
  1367 | D:1      | 1367 ||| READING scroll labelled XIZ VEARPHISEY.
  1368 | D:1      | 1368 ||| DROPPING scroll of vulnerability.
  1369 | D:1      | 1369 ||| DROPPING scroll of blinking.
  1456 | D:2      | 1456 ||| Stepping ~*~*~tactically~*~*~ (stealth).
  1863 | D:2      | Reached XP level 4. HP: 26/26 MP: 8/8
  2091 | D:2      | 2091 ||| READING scroll labelled TAOMUA QYIFA.
  2092 | D:2      | 2092 ||| READING 2 scrolls labelled DIJ RADOWOSH.
  2093 | D:2      | 2093 ||| READING 2 scrolls of identify.
  2093 | D:2      | 2093 ||| IDENTIFYING fizzy black potion
  2094 | D:2      | 2094 ||| DROPPING potion of invisibility.
  2095 | D:2      | 2095 ||| DROPPING scroll of fear.
  2249 | D:3      | 2249 ||| FLEEEEING.
  2250 | D:3      | 2250 ||| FLEEEEING.
  2251 | D:3      | 2251 ||| FLEEEEING.
  2252 | D:3      | 2252 ||| FLEEEEING.
  2262 | D:3      | HP: 4/26 [something/puff of flame (7)]
  2265 | D:3      | Killed from afar by an orc wizard

Levels and vault maps discovered:
D:1:      roderic_octagonal_star, layout_basic,
          shapermc_ecumenical_altar_notcrosses
D:2:      layout_loops_cross, nicolae_figureground_pulse
D:3:      layout_loops_corners, mainiacjoe_overflow_paths, zin_scriptorium,
          overflow_temple_1_default, uniq_jessica

Skill      XL: |  1  2  3 |
---------------+----------+-----
Axes           | 3 4 |  4.9
Fighting       | |  2.0
Throwing       | |  1.0
Armour         | |  1.1
Dodging        | |  2.1
Spellcasting   | |  2.0
Translocations | |  2.4

Action                   |  1- 3 |  4- 6 || total
-------------------------+-------+-------++-------
Melee: Hand axe          |    93 |    35 ||   128
       Kick              |    19 |     8 ||    27
       Peck              |    11 |     3 ||    14
       Punch             |     1 |       ||     1
Throw: Boomerang         |     7 |       ||     7
  Use: Scroll            |     3 |     3 ||     6
Armor: Leather armour    |    14 |       ||    14
       Ring mail         |    13 |    13 ||    26
Dodge: Dodged            |    58 |    13 ||    71

Table legend:
 A = Non-vault XP
 B = Vault XP
 C = Vault XP percentage of total XP
 D = Non-vault monster count
 E = Vault monster count
 F = Vault count percentage of total count
                 A         B        C        D         E       F
            +---------+---------+-------+---------+---------+-------
      Total |     109 |       0 |   0.0 |      55 |       0 |   0.0
            +---------+---------+-------+---------+---------+-------
        D:1 |      49 |       0 |   0.0 |      28 |       0 |   0.0
        D:2 |      47 |       0 |   0.0 |      21 |       0 |   0.0
        D:3 |      13 |       0 |   0.0 |       6 |       0 |   0.0
            +---------+---------+-------+---------+---------+-------
